 Dungeon Crawl Stone Soup version 0.17-a0-1245-g990a8d8 (webtiles) character file.

217 ololoev the Slasher (level 6, -7/44 HPs)
             Began as a Formicid Skald on June 5, 2015.
             Mangled by an ogre
             ... wielding a +0 giant club
              (15 damage)
             ... on level 4 of the Dungeon.
             The game lasted 00:05:57 (3527 turns).

ololoev the Slasher (Formicid Skald)                Turns: 3527, Time: 00:05:57

Health: -7/44      AC: 10    Str: 17    XL:     6   Next: 16%
Magic:  18/18      EV:  7    Int: 13    God:
Gold:   75         SH:  0    Dex: 10    Spells: 1 memorised, 8 levels left

rFire  . . .     SeeInvis +     a - +0 falchion
rCold  . . .     Clarity  .     g - +0 chain mail
rNeg   + . .     SustAt   .     (no shield)
rPois  .         Gourm    .     (helmet unavailable)
rElec  .         Spirit   .     k - +0 cloak
rCorr  +         Warding  .     (no gloves)
rMut   .         Stasis   +     (no boots)
MR     .....                    b - amulet of resist corrosion
Stlth  ..........               o - ring of magical power
                                n - ring of positive energy

@: not resistant to hostile enchantments, extremely unstealthy
A: permanent stasis, dig shafts and tunnels, four strong arms, antennae 3
a: Dig, Shaft Self


Innate Abilities, Weirdness & Mutations

You are under a permanent stasis effect.
You can dig through walls and to a lower floor.
Your four strong arms can wield two-handed weapons with a shield.
You have a pair of large antennae on your head (SInv).

Inventory:

Hand weapons
 a - a +0 falchion (weapon)
Armour
 g - a +0 chain mail (worn)
 k - a +0 cloak (worn)
Jewellery
 b - an amulet of resist corrosion (around neck)
 n - a ring of positive energy (left hand)
 o - a ring of magical power (right hand)
Scrolls
 f - a scroll of random uselessness {unknown}
 i - a scroll of noise {unknown}
 l - 2 scrolls of amnesia {unknown}
 m - 2 scrolls of fear
 q - a scroll of teleportation {unknown}
 r - a scroll of immolation
 s - a scroll of remove curse {unknown}
Potions
 e - a potion of flight
 u - a potion of resistance
 v - a potion of agility {unknown}
Books
 c - a book of Battle

   Spells                             Type                      Level
   a - Infusion                       Charms                       1
   b - Shroud of Golubria             Charms/Translocation         2
   c - Song of Slaying                Charms                       2
   d - Spectral Weapon                Hexes/Charms                 3
   e - Regeneration                   Charms/Necromancy            3
Comestibles
 d - a bread ration
 j - 2 chunks of flesh
 p - a beef jerky


   Skills:
 - Level 2.1 Fighting
 * Level 5.0 Long Blades
 + Level 3.4 Armour
 - Level 0.8 Dodging
 - Level 2.1 Spellcasting
 - Level 3.0 Charms


You had 8 spell levels left.
You knew the following spells:

 Your Spells              Type           Power        Failure   Level  Hunger
a - Infusion              Chrm           #.....       91%         1    ##.....


You were on level 4 of the Dungeon.
You were not hungry.

You visited 1 branch of the dungeon, and saw 4 of its levels.

You collected 75 gold pieces.

{
############
.......@...#
.......O...#
...........#
...........#
...........#
...........#
...........#
...........#

Notes
Turn   | Place    | Note
--------------------------------------------------------------
     0 | D:1      | ololoev the Formicid Skald began the quest for the Orb.
     0 | D:1      | Reached XP level 1. HP: 16/16 MP: 3/3
   254 | D:1      | Reached XP level 2. HP: 22/22 MP: 5/5
  1062 | D:2      | HP: 1/22 [adder (3)]
  1066 | D:2      | Reached XP level 3. HP: 9/27 MP: 4/6
  1804 | D:2      | Reached XP level 4. HP: 19/33 MP: 7/7
  2089 | D:2      | Noticed a giant frog
  2096 | D:2      | Noticed Jessica
  2100 | D:2      | Killed a giant frog
  2100 | D:2      | Reached skill level 4 in Long Blades
  2100 | D:2      | Reached XP level 5. HP: 31/38 MP: 8/8
  2110 | D:2      | Killed Jessica
  2941 | D:3      | Found a basalt altar of Yredelemnul.
  3053 | D:3      | Noticed Sigmund
  3166 | D:3      | Noticed Natasha
  3180 | D:3      | Killed Natasha
  3180 | D:3      | Reached XP level 6. HP: 32/44 MP: 9/9
  3190 | D:3      | Noticed Natasha
  3194 | D:3      | Killed Natasha
  3194 | D:3      | Reached skill level 5 in Long Blades
  3302 | D:3      | Noticed Natasha
  3316 | D:2      | Killed Natasha
  3527 | D:4      | Mangled by an ogre

Dungeon Overview and Level Annotations

Branches:
Dungeon (4/15)
 Temple: D:4-7

Altars:
Yredelemnul

Annotations:
D:3 Sigmund


Message History

You hear the sound of rushing water.
There is an entrance to a sewer on this level.
Hurry and find it before the portal rusts away!
An ogre comes into view. It is wielding a giant club.
The ogre shouts!
There is a stone staircase leading up here.
Read which item? (? for menu, Esc to quit)
As you read the scroll labeled HAUTZUC RELOGG, it crumbles to dust.
It is a scroll of identify.
Identify which item? (\ to view known items) (? for menu, Esc to quit)
m - 2 scrolls of fear Read which item? (? for menu, Esc to quit)
Identify which item? (\ to view known items) (? for menu, Esc to quit)
As you read the scroll of identify, it crumbles to dust.
e - a potion of flight Read which item? (? for menu, Esc to quit)
Identify which item? (\ to view known items) (? for menu, Esc to quit)
As you read the scroll of identify, it crumbles to dust.
r - a scroll of immolation Your chain mail prevents you from hitting the ogre.
The ogre closely misses you.
You hit the ogre.
The ogre is lightly wounded.
You hit the ogre.
The ogre is moderately wounded.
The ogre hits you but does no damage.
You barely miss the ogre.
The ogre is moderately wounded.
The ogre hits you with a giant club!
You hit the ogre.
The ogre is moderately wounded.
The ogre hits you with a giant club!
You barely miss the ogre.
The ogre is moderately wounded.
The ogre hits you with a giant club!
You slash the ogre!
The ogre is heavily wounded.
You hit the ogre.
The ogre is severely wounded.
The ogre hits you with a giant club!
You die...

You could see an ogre.

Vanquished Creatures
  A giant frog (D:2)
  Jessica (D:2)
  Natasha (thrice) (D:3 D:2)
  3 adders (D:2)
  4 worms
  2 giant geckos
  A ball python (D:1)
  8 bats
  2 giant cockroaches
  7 hobgoblins
  A jackal (D:3)
  2 quokkas (D:3)
  2 giant newts
  8 goblins
  3 kobolds
  6 rats
54 creatures vanquished.

Action                   |  1- 3 |  4- 6 || total
-------------------------+-------+-------++-------
Melee: Falchion          |   125 |   150 ||   275
  Use: Potion            |     2 |       ||     2
       Scroll            |       |     3 ||     3
  Eat: Chunk             |     3 |     6 ||     9

Vault maps used:
D:1:      dpeg_arrival_another_circle
D:2:      uniq_jessica
D:3:      yredelemnul_altar_generic, hangedman_abyss_or_decor_lesser_grid,
          uniq_robin, uniq_sigmund, uniq_natasha
D:4:      serial_shops, nicolae_shop_stone, portal_sewer_entry_e,
          nicolae_ossuary_entry_ruins, uniq_purgy, uniq_eustachio
